AoeStats
← Supershrimp

Arabia

510325302Analyzed
1v1 RM · 6h ago on Sep 30, 2026· 44m 54s· 2 players
Game mode
Random Map
Map size
Tiny (2 player)
Population
200
Speed
Normal
Resources
Standard
Victory
Conquest
Starting age
Dark Age
Ending age
Imperial Age
RankedLock teamsTeams togetherTeam positionsShared explorationLock speedFull tech treeHidden civsTurbo modeCheats
Victory
Defeat
🇭🇰 Byzantines · Hong Kong SAR China
1120
+15
🇺🇸 Romans · United States
1094
-15
Moth Gideon
8:25 Loom
10:43 Feudal Age
10:54 Man-at-Arms
11:56 Double-Bit Axe
19:31 Castle Age
17:49 Scale Mail Armor
18:59 Horse Collar
20:10 Forging
21:45 Squires
23:17 Long Swordsman
24:36 Bow Saw
26:55 Chain Mail Armor
27:16 Iron Casting
26:06 Pikeman
41:51 Ballistas
42:41 Wheelbarrow
46:05 Imperial Age
Supershrimp
7:08 Loom
9:37 Feudal Age
11:18 Double-Bit Axe
11:16 Horse Collar
21:18 Castle Age
19:47 Gold Mining
22:28 Husbandry
23:09 Gold Shaft Mining
23:16 Scale Barding Armor
23:21 Forging
24:32 Wheelbarrow
24:10 Bow Saw
24:03 Heavy Plow
24:59 Fletching
27:39 Chain Barding Armor
27:59 Iron Casting
26:54 Crossbowman
27:35 Bodkin Arrow
31:41 Stone Mining
32:16 Ballistics
34:29 Imperial Age
33:16 Hand Cart
34:09 Chain Barding Armor
34:24 Iron Casting
34:13 Chain Barding Armor
35:47 Arbalester
37:20 Bracer
38:24 Thumb Ring
38:47 Padded Archer Armor
40:44 Plate Barding Armor
39:53 Cavalier
42:02 Chemistry
41:37 Leather Archer Armor
41:22 Scale Mail Armor
42:35 Conscription
44:03 Ring Archer Armor
43:36 Onager
44:35 Chain Mail Armor
Connection lost

Rejoining the realm…

Still unreachable

The connection could not be restored.

Session expired

The server has moved on; the page needs a fresh start.